 Dungeon Crawl Stone Soup version 0.17.1-3-g152610e (webtiles) character file.

58 Gargoyl the Skirmisher (level 3, 0/30 HPs)
             Began as a Demonspawn Abyssal Knight on Apr 21, 2016.
             Was a Believer of Lugonu.
             Slain by a worm (3 damage)
             ... on level 2 of the Dungeon.
             The game lasted 00:04:25 (1589 turns).

Gargoyl the Skirmisher (Demonspawn Abyssal Knight)  Turns: 1589, Time: 00:04:25

Health: 0/30       AC:  6    Str: 13    XL:     3   Next: 75%
Magic:  5/5        EV:  9    Int: 13    God:    Lugonu [**....]
Gold:   164        SH:  0    Dex: 12    Spells: 0 memorised, 2 levels left

rFire  . . .     SeeInvis .     p - -1 hand axe (curse)
rCold  . . .     Clarity  .     j - +0 scale mail (curse)
rNeg   . . .     SustAt   +     (no shield)
rPois  .         Gourm    .     (helmet restricted)
rElec  .         Spirit   .     (no cloak)
rCorr  .         Warding  .     (no gloves)
rMut   .         Stasis   .     (no boots)
MR     .....                    (no amulet)
Stlth  ++........               e - ring of sustain attributes
                                k - ring of stealth

@: drained, not resistant to hostile enchantments, unstealthy
A: antennae 1, nightstalker 1
a: Depart the Abyss, Bend Space, Renounce Religion


You were on level 2 of the Dungeon.
You worshipped Lugonu.
Lugonu was pleased with you.
You were not hungry.

You visited 1 branch of the dungeon, and saw 2 of its levels.
You visited the Abyss 1 time.

You collected 164 gold pieces.

Inventory:

Hand Weapons
 a - a +1 hand axe
 p - a cursed -1 hand axe (weapon)
Armour
 j - a cursed +0 scale mail (worn)
Jewellery
 e - a ring of sustain attributes (right hand)
 k - a ring of stealth (left hand)
Wands
 f - a wand of polymorph (22)
Scrolls
 d - a scroll of remove curse {unknown}
 g - a scroll of recharging
Potions
 h - 2 potions of agility {unknown}
 i - a potion of brilliance {unknown}
 m - a potion of haste {unknown}
 n - a potion of curing {unknown}
Comestibles
 b - 4 fruits
 c - a bread ration


   Skills:
 + Level 3.8(2.7) Fighting
 + Level 2.0(0.9) Axes
 + Level 2.1(1.0) Armour
 + Level 1.6(0.5) Dodging
 + Level 0.4(0.0) Stealth
 + Level 2.8(1.7) Invocations


You had 2 spell levels left.
You didn't know any spells.

Dungeon Overview and Level Annotations

Branches:
Dungeon (2/15)

Altars:


Innate Abilities, Weirdness & Mutations

You have a pair of small antennae on your head.
You are slightly more attuned to the shadows.


Message History

The worm bites you but does no damage.
You hit the worm.
The worm is heavily wounded.
You hit the worm but do no damage.
The worm is heavily wounded.
The worm bites you but does no damage.
You hit the worm but do no damage.
The worm is heavily wounded.
The worm bites you!
* * * LOW HITPOINT WARNING * * *
You barely miss the worm.
The worm is heavily wounded.
The worm bites you.
* * * LOW HITPOINT WARNING * * *
You hit the worm.
The worm is heavily wounded.
You barely miss the worm.
The worm is heavily wounded.
The worm bites you.
You die...

....###....##### ...
##...........<.####)..
#######.............#
#..........##.# #####
##..........##.# .
....###..........<...#####..
......)........)(##.(......
.....###.........#.........
......####......@......###.
...........##.##w###<.##
.....(.###.......##..##
..#.................##
..#...............>.
......####... .. #.... ....


You could see a worm.

Vanquished Creatures
  An adder (D:2)
  A worm (D:2)
  A ball python (D:1)
  6 bats
  2 giant cockroaches (D:1)
  5 goblins
  4 hobgoblins
  10 jackals
  2 giant newts (D:1)
  6 kobolds
  3 rats (D:1)
41 creatures vanquished.

Notes
Turn   | Place    | Note
--------------------------------------------------------------
     0 | Abyss:1  | Gargoyl the Demonspawn Abyssal Knight began the quest for the Orb.
     0 | Abyss:1  | Reached XP level 1. HP: 18/18 MP: 2/2
    40 | Abyss:2  | Found a corrupted altar of Lugonu.
    98 | Abyss:2  | Noticed a smoke demon
   114 | Abyss:2  | Noticed a sun demon
   122 | Abyss:3  | Found a corrupted altar of Lugonu.
   150 | Abyss:3  | Noticed a large abomination
   150 | D:1      | Escaped the Abyss
   174 | D:1      | Reached * piety under Lugonu
   322 | D:1      | Gained mutation: You have a pair of small antennae on your head. [demonic ancestry]
   322 | D:1      | Reached XP level 2. HP: 16/24 MP: 3/3
   474 | D:1      | Reached skill level 1 in Dodging
   994 | D:1      | Gained mutation: You are slightly more attuned to the shadows. [demonic ancestry]
   994 | D:1      | Reached XP level 3. HP: 26/29 MP: 5/5
  1183 | D:2      | Reached ** piety under Lugonu
  1589 | D:2      | Slain by a worm

Action                   || total
-------------------------++-------
Melee: Hand axe          ||   194
Invok: Depart the Abyss  ||     1
  Use: Scroll            ||     6
 Stab: Sleeping          ||     4
  Eat: Chunk             ||     3
